 Dungeon Crawl Stone Soup version 0.25.0-11-g1f837a76a1 (webtiles) character file.

Game seed: 6788304649748438847

506 Apogee the Chopper (level 6, -6/49 HPs)
             Began as a Demonspawn Berserker on June 26, 2020.
             Was a Priest of Trog.
             Mangled by a troll (14 damage)
             ... on level 4 of the Dungeon.
             The game lasted 00:07:12 (5393 turns).

Apogee the Chopper (Demonspawn Berserker)           Turns: 5393, Time: 00:07:12

Health: -6/49      AC:  9    Str: 19    XL:     6   Next: 97%
Magic:  6/6        EV: 13    Int:  9    God:    Trog [***...]
Gold:   226        SH:  0    Dex: 12    Spells: 5/5 levels left

rFire    . . .     SeeInvis .   a - +1 hand axe
rCold    . . .     Gourm    .   (no shield)
rNeg     . . .     Faith    .   i - +1 chain mail
rPois    .         Spirit   .   (helmet restricted)
rElec    .         Reflect  .   (no cloak)
rCorr    .         Harm     .   (no gloves)
MR       .....                  (no boots)
Stlth    ..........             (no amulet)
HPRegen  0.16/turn              (no ring)
MPRegen  0.10/turn              (no ring)

@: mighty, agile, about to teleport, berserk cooldown, slowed, very slow
A: horns 2, demonic guardian 1, powered by pain 1
a: Berserk, Trog's Hand, Renounce Religion


You were on level 4 of the Dungeon.
You worshipped Trog.
Trog was most pleased with you.
You were not hungry.

You visited 1 branch of the dungeon, and saw 4 of its levels.

You collected 226 gold pieces.

Inventory:

Hand Weapons
 a - a +1 hand axe (weapon)
 b - a +4 dagger
 g - a +0 hunting sling
Missiles
 l - 9 atropa-tipped darts (quivered)
 o - 49 poisoned darts
 p - 4 boomerangs
Armour
 i - a +1 chain mail (worn)
 m - a +0 animal skin
Jewellery
 n - an uncursed ring of resist corrosion
Scrolls
 e - 4 scrolls of teleportation
 j - a scroll of identify
 k - 2 scrolls of remove curse
Potions
 q - a potion of curing {unknown}
 t - a potion of resistance {unknown}
 u - a potion of ambrosia {unknown}
 v - a potion of mutation {unknown}
Comestibles
 c - 6 rations
 d - 6 chunks of flesh


   Skills:
 + Level 4.5 Fighting
 * Level 6.5 Axes
 - Level 1.7 Armour
 - Level 1.7 Dodging


You had 5 spell levels left.
You didn't know any spells.
Your spell library was empty.

Dungeon Overview and Level Annotations

Branches:
Dungeon (4/15)             Temple (0/1) D:4

Altars:

Annotations:
D:3 2 runed translucent doors, Crazy Yiuf


Innate Abilities, Weirdness & Mutations

You have a pair of horns on your head.
A weak demonic guardian rushes to your aid.
You sometimes gain a little power by taking damage.


Message History

The troll claws you but does no damage. The troll closely misses you.
Your iron imp closely misses the troll.
Unknown command.
You feel a strong urge to attack something.
Your iron imp barely misses the troll.
You are too berserk!
You feel your anger nearly subside.
You are no longer berserk.
You are exhausted.
You feel yourself slow down.
Some of the chunks of flesh in your inventory have rotted away.
The phantom blinks!
The phantom hits something but does no damage.
The troll bites you.
* * * LOW HITPOINT WARNING * * *
The troll claws you.
* * * LOW HITPOINT WARNING * * *
The troll closely misses you.
As you read the scroll of teleportation, it crumbles to dust.
You feel strangely unstable. The troll bites you!
You die...

.........# ..#.........
........#######.#.........
####
...............<#.........
#...
######..#######.#.........
#.## ........#
#.#........#
#####...#######.#.#....#.#
#..................#.#
#............#.....#
#####...........@..###.#
T...#..........5T#+###.##
###T#...####..###.......#
#<..#...# #..###5..."...
#####...# #..5.........#
........# ##.###.......#
####....#####..........##
)))...........########.#
####.#.######.# .#


You could see a troll, a friendly iron imp (summoned) and a friendly shadow imp
(summoned).

Vanquished Creatures
  The ghost of Skimidon the Stinger, an amateur OpVM (D:3)
  A scorpion (D:4)
  A hound (D:4)
  A bullfrog skeleton (D:4)
  2 worker ants (D:4)
  A hound skeleton (D:4)
  5 adders
  2 oozes
  An adder skeleton (D:4)
  3 worms
  2 dart slugs
  5 leopard geckos
  12 orcs
  6 ball pythons
  8 bats
  4 giant cockroaches (D:2)
  2 goblins (D:1)
  7 hobgoblins
  3 jackals (D:1)
  6 kobolds
  2 quokkas
  3 frilled lizards
  7 rats
85 creatures vanquished.

Notes
Turn   | Place    | Note
-------+----------+-------------------------------------------
     0 | D:1      | Apogee the Demonspawn Berserker began the quest for the
                  | Orb.
     0 | D:1      | Reached XP level 1. HP: 18/18 MP: 1/1
   275 | D:1      | Reached skill level 3 in Axes
   311 | D:1      | Gained mutation: You have a pair of small horns on your
                  | head. [demonic ancestry]
   311 | D:1      | Reached XP level 2. HP: 22/24 MP: 2/2
   900 | D:1      | Gained mutation: You have a pair of horns on your head.
                  | [demonic ancestry]
   900 | D:1      | Reached XP level 3. HP: 26/29 MP: 3/3
  1328 | D:2      | Reached ** piety under Trog
  1856 | D:2      | Reached skill level 4 in Axes
  2062 | D:2      | Reached XP level 4. HP: 35/35 MP: 4/4
  2594 | D:3      | Found a runed translucent door.
  2604 | D:3      | Noticed Skimidon's ghost (amateur OpVM)
  2640 | D:3      | Found a runed translucent door.
  2823 | D:3      | Killed Skimidon's ghost
  2823 | D:3      | Reached skill level 5 in Axes
  2823 | D:3      | Gained mutation: A weak demonic guardian rushes to your
                  | aid. [demonic ancestry]
  2823 | D:3      | Reached XP level 5. HP: 42/42 MP: 5/5
  2823 | D:3      | Gained mutation: You sometimes gain a little power by
                  | taking damage. [demonic ancestry]
  2823 | D:3      | Reached XP level 6. HP: 48/48 MP: 6/6
  3099 | D:3      | Found a faded altar of an unknown god.
  3664 | D:3      | Found a runed translucent door.
  3665 | D:3      | Noticed Crazy Yiuf
  4190 | D:4      | Noticed a troll
  4651 | D:4      | Found a staircase to the Ecumenical Temple.
  4662 | D:4      | Reached skill level 6 in Axes
  5283 | D:4      | Reached *** piety under Trog
  5393 | D:4      | Mangled by a troll

Illustrated notes

Levels and vault maps discovered:
D:1:      sevenhm_arrival_forest_fort_small_4, layout_basic
D:2:      layout_loops_ring, minmay_misc_feat_enclosed
D:3:      layout_basic, ebering_ghost_sewer_f,
          chequers_ecumenical_altar_simple_redux, uniq_crazy_yiuf_cottage
D:4:      kennysheep_goblin_castle, layout_basic, temple_doors_e

Skill      XL: |  1  2  3  4  5  6 |
---------------+-------------------+-----
Axes           | 3 4 5 6 |  6.5
Fighting       | 4 |  4.5
Armour         | |  1.7
Dodging        | |  1.7

Action                   |  1- 3 |  4- 6 || total
-------------------------+-------+-------++-------
Melee: Hand axe          |   101 |    46 ||   147
       Headbutt          |    17 |    33 ||    50
       Dagger            |     3 |   124 ||   127
Invok: Berserk           |       |     3 ||     3
  Use: Scroll            |       |     8 ||     8
 Stab: Sleeping          |     1 |       ||     1
  Eat: Chunk             |     3 |    10 ||    13
       Ration            |       |     1 ||     1
Armor: Animal skin       |    14 |       ||    14
       Chain mail        |    15 |    61 ||    76
Dodge: Dodged            |    62 |    67 ||   129
